 Dungeon Crawl Stone Soup version 0.31-a0-978-g1e143483b6 (webtiles) character file.

Game seed: 18232155701205465821

234 Mesmaeker13 the Chiller (level 5, -1/28 HPs)
             Began as a Deep Elf Ice Elementalist on Oct 30, 2023.
             Slain by Duvessa
             ... wielding a +0 short sword
              (10 damage)
             ... on level 4 of the Dungeon.
             The game lasted 00:04:04 (3258 turns).

Mesmaeker13 the Chiller (Deep Elf Ice Elementalist) Turns: 3258, Time: 00:04:05

Health: -1/28      AC:  3    Str:  5    XL:     5   Next: 75%
Magic:  8/14       EV: 13    Int: 22    God:
Gold:   136        SH:  0    Dex: 15    Spells: 6/13 levels left

rFire   . . .        f - +2 short sword (speed)
rCold   . . .        (no shield)
rNeg    . . .        a - +0 robe
rPois   .            (no helmet)
rElec   .            l - +0 cloak
rCorr   +            (no gloves)
SInv    .            (no boots)
Will    .....        (no amulet)
Stlth   +++          i - ring of resist corrosion
HPRegen 0.24/turn    (no ring)
MPRegen 0.14/turn

%: no passive effects
@: freezing walls
A: no striking features
a: no special abilities


You were on level 4 of the Dungeon.
You visited 1 branch of the dungeon, and saw 4 of its levels.

You collected 136 gold pieces.

Inventory:

Hand Weapons
 f - a +2 short sword of speed (weapon)
Armour
 a - a +0 robe (worn)
 l - a +0 cloak (worn)
Jewellery
 i - a ring of resist corrosion (left hand)
Scrolls
 c - a scroll of enchant armour {unknown}
 d - 2 scrolls of blinking {unknown}
 g - 2 scrolls of identify {unknown}
 j - a scroll of fear {unknown}
 n - a scroll of revelation {unknown}
Potions
 b - a potion of magic
 e - 2 potions of curing {unknown}
 h - a potion of lignification {unknown}
 k - 2 potions of degeneration {unknown}
 m - a potion of attraction {unknown}
 o - a potion of invisibility {unknown}
 p - a potion of haste {unknown}


   Skills:
 + Level 4.0 Dodging
 - Level 3.7 Stealth
 + Level 4.7 Spellcasting
 + Level 1.4 Conjurations
 + Level 5.3 Ice Magic
 + Level 1.4 Earth Magic


You had 6 spell levels left.
You knew the following spells:

 Your Spells              Type           Power      Damage    Failure   Level
a - Freeze                Ice            100%       1d10      1%          1
b - Frozen Ramparts       Ice            56%        1d9       3%          3
c - Stone Arrow           Conj/Erth      22%        3d8       17%         3

Your spell library contained the following spells:

 Spells                   Type           Power      Damage    Failure   Level
 Ozocubu's Armour         Ice            28%        N/A       3%          3
 Sandblast                Erth           22%        2d7       6%          1
 Hailstorm                Conj/Ice       20%        3d6       8%          3
 Passwall                 Tmut/Erth      6%         N/A       12%         2
 Sublimation of Blood     Necr           5%         N/A       16%         2
 Wereblood                Tmut           5%         N/A       16%         2
 Gell's Gravitas          Tloc           5%         N/A       30%         3
 Inner Flame              Hex/Fire       5%         N/A       30%         3
 Teleport Other           Tloc           5%         N/A       30%         3
 Summon Ice Beast         Ice/Summ       16%        N/A       34%         4
 Brom's Barrelling Bould  Conj/Erth      11%        2d3       50%         4
 Yara's Violent Unravell  Hex/Tmut       2%         3d3       96%         5
 Dispersal                Tloc           2%         N/A       100%        6
 Enfeeble                 Hex            2%         N/A       100%        7
 Summon Hydra             Summ           2%         N/A       100%        7


Dungeon Overview and Level Annotations

Branches:
Dungeon (4/15)             Temple (0/1) D:4

Altars:
Cheibriados
Okawaru
Xom
Zin
The Shining One

Annotations:
D:4 2 transporters, Dowan; Duvessa; Error4North's ghost, amateur DrSh


Message History

Casting: Frozen Ramparts (dangerous; 3% risk of failure)
Press: ? - help, Dir - look around, f - activate The walls around you are covered in ice.
The wall freezes Duvessa.
Duvessa hits you with a +0 short sword.
Dowan casts a spell.
Dowan blinks!
Unknown command.
Casting: Frozen Ramparts (dangerous; 3% risk of failure)
Confirm with . or Enter, or press ? or * to list all spells.
Aiming: Freeze (safe; 1% risk of failure)
Press: ? - help, Shift-Dir - straight line, f - Duvessa
Aim: Duvessa, wielding a +0 short sword and wearing a +0 leather armour (lightly wounded)
You freeze Duvessa.
Duvessa is lightly wounded.
The wall freezes the orc.
The wall freezes Duvessa.
Duvessa hits you with a +0 short sword!
An orc priest comes into view. It is wielding a +0 dagger.
Unknown command.
Casting: Freeze (safe; 1% risk of failure)
Confirm with . or Enter, or press ? or * to list all spells.
Aiming: Freeze (safe; 1% risk of failure)
Press: ? - help, Shift-Dir - straight line, f/p - Duvessa
Aim: Duvessa, wielding a +0 short sword and wearing a +0 leather armour (moderately wounded)
You freeze Duvessa!
Duvessa is heavily wounded.
The orc priest shouts!
The wall freezes the orc.
The wall freezes Duvessa.
Duvessa hits you with a +0 short sword.
The orc priest miscasts a cantrip.
Casting: Freeze (safe; 1% risk of failure)
Confirm with . or Enter, or press ? or * to list all spells.
Aiming: Freeze (safe; 1% risk of failure)
Press: ? - help, Shift-Dir - straight line, f/p - Duvessa
Aim: Duvessa, wielding a +0 short sword and wearing a +0 leather armour (heavily wounded)
You freeze Duvessa.
Duvessa is severely wounded.
The wall freezes the orc.
You kill the orc!
The wall freezes Duvessa!
Duvessa hits you with a +0 short sword!
You die...

#.D.#. .# #...$ ... #...#
.... #...#... #....#
#.D### #o.r)# .......##e#
. .....#.##@####### ..
..#..o.e........## ...
#........©.......# ....
#....#########...# ....
###...##8.gW..8##..#
.8..##.##..#.........#..#
... ....#..#.........#..#
.# #..#..#.S.......#..#
.## #..#..#....©....#..#


You could see Duvessa, a steam dragon, Dowan, an orc priest, Error4North's
ghost, a quokka, a hobgoblin and a ball python (wandering).

Vanquished Creatures
  An ogre (D:4)
  A jelly (D:4)
  Crazy Yiuf (D:2)
  An iguana (D:4)
  2 adders (D:2)
  A dart slug (D:1)
  An orc (D:4)
  4 bats
  6 endoplasms (D:1)
  3 giant cockroaches
  3 goblins
  4 hobgoblins
  3 jackals (D:2)
  5 kobolds (D:1)
  2 quokkas
  4 ball pythons
  A frilled lizard (D:1)
  5 rats
48 creatures vanquished.

Notes
Turn   | Place    | Note
-------+----------+-------------------------------------------
     0 | D:1      | Mesmaeker13 the Deep Elf Ice Elementalist began the quest
                  | for the Orb.
     0 | D:1      | Reached XP level 1. HP: 10/10 MP: 6/6
   290 | D:1      | Reached XP level 2. HP: 15/15 MP: 6/8
  1086 | D:1      | Reached XP level 3. HP: 16/19 MP: 7/10
  1262 | D:2      | Learned a level 3 spell: Frozen Ramparts
  1784 | D:2      | Found a runed translucent door.
  1785 | D:2      | Noticed Crazy Yiuf
  2146 | D:2      | Killed Crazy Yiuf
  2147 | D:2      | Reached XP level 4. HP: 8/24 MP: 4/12
  2283 | D:3      | Found a glowing silver altar of Zin.
  2505 | D:3      | Found a glowing golden altar of the Shining One.
  2617 | D:3      | Found a shimmering altar of Xom.
  2628 | D:3      | Found an iron altar of Okawaru.
  2690 | D:3      | Found a snail-covered altar of Cheibriados.
  2696 | D:3      | Learned a level 3 spell: Stone Arrow
  2929 | D:4      | Identified the of Pate
  2929 | D:4      | Found a staircase to the Ecumenical Temple.
  2935 | D:4      | Reached skill level 5 in Ice Magic
  2935 | D:4      | Noticed a phantom
  3057 | D:4      | Reached XP level 5. HP: 5/28 MP: 5/13
  3168 | D:4      | Found a transporter.
  3168 | D:4      | Noticed Error4North's ghost (amateur DrSh)
  3174 | D:4      | Found a transporter.
  3207 | D:4      | Noticed an ogre
  3212 | D:4      | Killed an ogre
  3213 | D:4      | Reached skill level 1 in Conjurations
  3213 | D:4      | Reached skill level 1 in Earth Magic
  3213 | D:4      | Noticed a steam dragon
  3250 | D:4      | Noticed Dowan
  3251 | D:4      | Noticed Duvessa
  3258 | D:4      | Slain by Duvessa

Illustrated notes

Levels and vault maps discovered:
D:1:      minmay_arrival_up_and_down, layout_basic
D:2:      layout_basic, minmay_misc_feat_more_columns, uniq_crazy_yiuf_cottage
D:3:      layout_basic, slow_altar_2, mainiacjoe_overflow_24_doors,
          mainiacjoe_overflow_big_doors, mainiacjoe_overflow_boulevard,
          due_unseen_surprise
D:4:      cheibrodos_pilgrimage, layout_cave_pools,
          nicolae_uskayaw_murder_on_the_dancefloor,
          minmay_temple_entry_overgrown, serial_column_ruins,
          column_ruins_hut_ruined, column_ruins_courtyard_long_water,
          column_ruins_corridor_corner, column_ruins_grid_1,
          column_ruins_open_medium, column_ruins_grid_2,
          column_ruins_columns_straight, column_ruins_corridor_straight,
          column_ruins_grid_1, gammafunk_ghost_arena, minmay_misc_feat_ornament,
          uniq_sigmund, uniq_grinder, uniq_duvessa

Skill      XL: |  1  2  3  4  5 |
---------------+----------------+-----
Stealth        | 3 |  3.7
Dodging        | 3 4 |  4.0
Spellcasting   | 4 |  4.7
Ice Magic      | 5 |  5.3
Conjurations   | 1 |  1.4
Earth Magic    | 1 |  1.4

Action                     |  1- 3 |  4- 6 || total
---------------------------+-------+-------++-------
  Melee: Short sword       |     9 |     1 ||    10
   Cast: Freeze            |    52 |    21 ||    73
         Frozen Ramparts   |     1 |     3 ||     4
   Stab: Sleeping          |     1 |     1 ||     2
 Armour: Robe              |    21 |     8 ||    29
  Dodge: Dodged            |    28 |     8 ||    36

Table legend: (Time is in decaauts)
 A = Elapsed time spent in this place.
 B = Non-inter-level travel time spent in this place.
 C = Inter-level travel time spent in this place.
 D = Time resting spent in this place.
 E = Time spent auto-exploring this place.
 F = Levels seen in this place.
 G = Mean time per level.
                   A        B        C        D        E       F      G
               +--------+--------+--------+--------+--------+-----+--------+
         Total |   3254 |   3078 |    176 |    166 |   2428 |   4 |  813.5 |
       Dungeon |   3254 |   3078 |    176 |    166 |   2428 |   4 |  813.5 |
               +--------+--------+--------+--------+--------+-----+--------+

Top non-repeatable levels by time:
     D:1: 1255 daAuts
     D:2: 1079 daAuts
     D:3: 590 daAuts
     D:4: 328 daAuts
